 Dungeon Crawl Stone Soup version 0.29.1-2-gbd0b4ee654 (webtiles) character file.

Game seed: 4469476960780908372

55 GorkyZ the Trooper (level 3, 0/24 HPs)
             Began as a Gargoyle Fighter on Nov 23, 2022.
             Killed from afar by an orc wizard (4 damage)
             ... with a puff of flame
             ... on level 2 of the Dungeon.
             The game lasted 00:03:05 (1094 turns).

GorkyZ the Trooper (Gargoyle Fighter)               Turns: 1094, Time: 00:03:10

Health: 0/24       AC: 12    Str: 21    XL:     3   Next: 93%
Magic:  3/3        EV:  6    Int:  8    God:
Gold:   56         SH:  8    Dex:  9    Spells: 2/2 levels left

rFire   . . .      SeeInvis .   a - +0 war axe
rCold   . . .      Faith    .   k - +0 kite shield
rNeg    + . .      Spirit   .   l - +0 chain mail
rPois   ∞          Reflect  .   (no helmet)
rElec   +          Harm     .   (no cloak)
rCorr   .          Rampage  .   (no gloves)
Will    .....                   (no boots)
Stlth   ..........              (no amulet)
HPRegen 0.08/turn               (no ring)
MPRegen 0.08/turn               (no ring)

@: no status effects
A: sickness immunity, AC +3, negative energy resistance 1, electricity
resistance, torment resistance 1, petrification resistance
a: no special abilities


You were on level 2 of the Dungeon.
You visited 1 branch of the dungeon, and saw 2 of its levels.

You collected 56 gold pieces.

Inventory:

Hand Weapons
 a - a +0 war axe (weapon)
Armour
 b - a +0 scale mail
 c - a +0 buckler
 k - a +0 kite shield (worn)
 l - a +0 chain mail (worn)
Scrolls
 e - 2 scrolls of poison {unknown}
 f - 4 scrolls of identify {unknown}
 h - a scroll of immolation {unknown}
 i - a scroll of blinking {unknown}
Potions
 d - a potion of might
 g - a potion of resistance {unknown}
 j - a potion of lignification {unknown}


   Skills:
 + Level 3.7 Fighting
 * Level 2.5 Axes
 + Level 0.9 Throwing
 + Level 3.6 Armour
 + Level 3.6 Shields


You had 2 spell levels left.
You didn't know any spells.
Your spell library was empty.

Dungeon Overview and Level Annotations

Branches:
Dungeon (2/15)

Altars:


Innate Abilities, Weirdness & Mutations

You are immune to sickness and miasma.
Your stone body is resilient. (AC +3)
You are immune to poison.
You resist negative energy. (rN+)
You are resistant to electric shocks. (rElec)
You are resistant to unholy torment.
You are immune to petrification.


Message History

An orc comes into view. It is wielding a +0 whip.
You block the goblin's attack.
The ball python moves out of view.
The orc moves out of view.
You closely miss the goblin. You hit the orc. You block the goblin's attack.
You closely miss the orc.
The orc is almost dead.
You hit the goblin.
You kill the goblin!
The orc barely misses you. You block the orc's attack.
The orc priest hits you with a +0 falchion.
You have reached level 3!
Your experience leads to an increase in your attributes!
Increase (S)trength, (I)ntelligence, or (D)exterity?
You feel stronger. x2
You slash the orc priest!
The orc priest is heavily wounded.
You hit the orc.
You kill the orc!
You block the orc priest's attack.
You hear some strange, mumbled words.
Something tries to affect you, but you resist.
The orc priest mumbles some strange prayers to Beogh against you.
Pain shoots through your body!
You slash the orc priest!
You kill the orc priest!
You hit something. Something hits you. Something hits you but does no damage.
You block the worm's attack.
Items here: )) ? [ ††.
You hit the worm but do no damage. You hit something but do no damage.
A kobold comes into view. It is wielding a +0 club.
Something hits you. The worm bites you!
* * * LOW HITPOINT WARNING * * *
The kobold shouts!
You hit the worm.
The worm is moderately wounded.
You closely miss something.
You hear a shout!
You hear some strange, mumbled words.
A puff of flame appears from out of thin air!
The puff of flame hits you.
You die...

## #.#..... #.##
##...... #.###.#.....
#..#.####.## . ##
#.#.## #.# ..##.# #.#.#
#.# ......# #.#.# #.#
.......######.#.# #.#
.K..$.w@$.......# #.#
.......{).......#####.#
..############....((<.#
##########


You could see a worm and a kobold.

Vanquished Creatures
  An orc priest (D:2)
  An orc (D:2)
  2 ball pythons (D:1)
  5 endoplasms (D:1)
  2 giant cockroaches (D:1)
  3 goblins
  A hobgoblin (D:2)
  2 quokkas (D:1)
  2 frilled lizards
  A kobold (D:1)
  2 rats (D:1)
22 creatures vanquished.

Notes
Turn   | Place    | Note
-------+----------+-------------------------------------------
     0 | D:1      | GorkyZ the Gargoyle Fighter began the quest for the Orb.
     0 | D:1      | Reached XP level 1. HP: 14/14 MP: 1/1
   138 | D:1      | Reached XP level 2. HP: 18/19 MP: 2/2
  1090 | D:2      | Reached XP level 3. HP: 16/23 MP: 3/3
  1094 | D:2      | Killed from afar by an orc wizard

Illustrated notes

Levels and vault maps discovered:
D:1:      mushboom_english_gardens, layout_basic, chequers_decorated_corner
D:2:      layout_loops_ring, shapermc_ecumenical_altar_ellora

Skill      XL: |  1 |
---------------+----+-----
Axes           | 2 |  2.5
Fighting       | |  3.7
Throwing       | |  0.9
Armour         | |  3.6
Shields        | |  3.6

Action                   || total
-------------------------++-------
Melee: War axe           ||    48
Armor: Scale mail        ||    17
       Chain mail        ||     3
Dodge: Dodged            ||    23
Block: Buckler           ||     5
       Kite shield       ||     6
